 Dungeon Crawl Stone Soup version 0.30-a0-358-g0d69a19 (webtiles) character file.

Game seed: 2020426764507812702

103 Dorkslayer the Covered (level 5, 0/41 HPs)
             Began as a Human Fighter on Nov 10, 2022.
             Slain by an orc priest
             ... wielding a +0 flail
              (5 damage)
             ... on level 3 of the Dungeon.
             The game lasted 00:02:38 (1511 turns).

Dorkslayer the Covered (Human Fighter)              Turns: 1511, Time: 00:02:39

Health: 0/41       AC: 10    Str: 17    XL:     5   Next: 6%
Magic:  5/5        EV:  6    Int:  8    God:
Gold:   133        SH:  5    Dex: 14    Spells: 4/4 levels left

rFire   . . .      SeeInvis .    a - +0 long sword
rCold   . . .      Faith    .    c - +0 buckler
rNeg    . . .      Spirit   .    m - +0 chain mail
rPois   .          Reflect  .    (no helmet)
rElec   .          Harm     .    f - +0 cloak
rCorr   .          Rampage  .    (no gloves)
Will    .....                    (no boots)
Stlth   ..........               h - amulet of regeneration
HPRegen 1.06/turn                (no ring)
MPRegen 0.09/turn                (no ring)

@: mighty
A: no striking features
a: no special abilities


You were on level 3 of the Dungeon.
You visited 1 branch of the dungeon, and saw 3 of its levels.

You collected 133 gold pieces.

Inventory:

Hand Weapons
 a - a +0 long sword (weapon)
Missiles
 l - 6 poisoned darts (quivered)
Armour
 c - a +0 buckler (worn)
 f - a +0 cloak (worn)
 m - a +0 chain mail (worn)
Jewellery
 h - an amulet of regeneration (around neck)
Scrolls
 b - a scroll of enchant armour {unknown}
 e - 2 scrolls of teleportation {unknown}
 i - a scroll of butterflies {unknown}
 j - a scroll of noise {unknown}
 k - 3 scrolls of identify {unknown}
Potions
 g - a potion of curing {unknown}


   Skills:
 + Level 3.5 Fighting
 + Level 3.2 Long Blades
 + Level 3.6 Armour
 + Level 0.6 Dodging
 + Level 3.5 Shields


You had 4 spell levels left.
You didn't know any spells.
Your spell library was empty.

Dungeon Overview and Level Annotations

Branches:
Dungeon (3/15)

Altars:


Message History

The quokka bites you but does no damage.
You slash the quokka!
You kill the quokka!
An orc priest comes into view. It is wielding a +0 flail.
An orc priest comes into view. It is wielding a +0 whip.
You block the quokka's attack.
You have reached level 5!
You closely miss the quokka.
The orc priest shouts!
The quokka bites you but does no damage.
You hit the quokka.
You kill the quokka!
You feel very mighty all of a sudden. The orc hits you but does no damage.
You slash the orc!
You kill the orc!
The orc barely misses you.
You slash the rat!
You kill the rat!
The orc hits you but does no damage. The orc closely misses you.
Things that are here:
a +0 short sword; an orc corpse; a quokka corpse You slash the orc!
You kill the orc!
The orc priest begins to cast a cantrip, but forgets the words!
The orc priest mumbles some strange prayers to Beogh against you.
Beogh smites you!
The orc priest mumbles some strange prayers to Beogh against you.
Beogh smites you!
* * * LOW HITPOINT WARNING * * *
Things that are here:
a +0 hand axe; a +0 leather armour; an orc corpse You closely miss the orc priest.
The orc priest hits you with a +0 flail!
* * * LOW HITPOINT WARNING * * *
You slash the orc priest!
The orc priest is heavily wounded.
The orc priest hits you but does no damage.
The orc priest hits you with a +0 flail.
You die...

... # #... .## ..
#.. ..# ... #.. ...+
.........# #.# ...
.........# #.#...
.........###.#.#
........oo@)...#
.....?...###.###
.........###.###.##
.........#..........
.........#r.........
##..................
########...>.......
#...........
#...........


You could see 2 orc priests.

Vanquished Creatures
  A jelly (D:2)
  3 adders (D:2)
  A dart slug (D:1)
  2 orcs (D:3)
  An endoplasm (D:1)
  2 giant cockroaches
  A goblin (D:1)
  3 hobgoblins
  7 jackals
  2 kobolds (D:1)
  5 quokkas
  3 ball pythons
  4 bats
  3 frilled lizards
  4 rats
42 creatures vanquished.

Notes
Turn   | Place    | Note
-------+----------+-------------------------------------------
     0 | D:1      | Dorkslayer the Human Fighter began the quest for the Orb.
     0 | D:1      | Reached XP level 1. HP: 18/18 MP: 1/1
   219 | D:1      | Reached XP level 2. HP: 24/24 MP: 2/2
   429 | D:1      | Reached XP level 3. HP: 29/29 MP: 3/3
   949 | D:2      | Reached XP level 4. HP: 11/35 MP: 4/4
  1502 | D:3      | Reached XP level 5. HP: 41/41 MP: 5/5
  1511 | D:3      | Slain by an orc priest

Illustrated notes

Levels and vault maps discovered:
D:1:      evilmike_arrival_home_sweet_home, layout_basic
D:2:      layout_loops_ring
D:3:      layout_basic, chequers_decorated_corner, minmay_misc_feat_diagonals,
          grunt_ministairs_2

Skill      XL: |  1  2  3  4 |
---------------+-------------+-----
Long Blades    | 3 |  3.2
Fighting       | |  3.5
Armour         | |  3.6
Dodging        | |  0.6
Shields        | |  3.5

Action                   |  1- 3 |  4- 6 || total
-------------------------+-------+-------++-------
Melee: Long sword        |    62 |    37 ||    99
  Use: Potion            |       |     1 ||     1
Armor: Scale mail        |    36 |       ||    36
       Chain mail        |     3 |    31 ||    34
Dodge: Dodged            |    26 |     8 ||    34
Block: Buckler           |    13 |     4 ||    17

Table legend: (Time is in decaauts)
 A = Elapsed time spent in this place.
 B = Non-inter-level travel time spent in this place.
 C = Inter-level travel time spent in this place.
 D = Time resting spent in this place.
 E = Time spent auto-exploring this place.
 F = Levels seen in this place.
 G = Mean time per level.
                   A        B        C        D        E       F      G
               +--------+--------+--------+--------+--------+-----+--------+
         Total |   1542 |   1542 |      0 |      0 |    907 |   3 |  514.0 |
       Dungeon |   1542 |   1542 |      0 |      0 |    907 |   3 |  514.0 |
               +--------+--------+--------+--------+--------+-----+--------+

Top non-repeatable levels by time:
     D:1: 783 daAuts
     D:2: 717 daAuts
     D:3: 41 daAuts
